 Dungeon Crawl Stone Soup version 0.17.1-1-g73c8601 (webtiles) character file.

6135 shmeve the Fighter (level 10, -26/90 HPs)
             Began as a Pale Draconian Berserker on Apr 27, 2016.
             Was a High Priest of Trog.
             Annihilated by Gastronok (32 damage)
             ... on level 9 of the Dungeon.
             The game lasted 00:25:46 (7807 turns).

shmeve the Fighter (Pale Draconian Berserker)       Turns: 7807, Time: 00:25:47

Health: -26/90     AC: 11    Str: 23    XL:     10   Next: 59%
Magic:  10/10      EV: 15    Int: 13    God:    Trog [*****.]
Gold:   655        SH:  5    Dex: 11    Spells: 0 memorised, 9 levels left

rFire  . . .     SeeInvis +     y - +0 war axe
rCold  . . .     Clarity  .     (armour unavailable)
rNeg   . . .     SustAt   .     g - +0 buckler {AC+3}
rPois  .         Gourm    .     (helmet restricted)
rElec  .         Spirit   .     (no cloak)
rCorr  .         Warding  .     l - +0 pair of gloves
rMut   +         Stasis   .     (no boots)
MR     ++...                    d - amulet of resist mutation
Stlth  ++........               o - +6 ring of intelligence
                                s - ring of see invisible

@: exhausted, regenerating, slowed, very slow, very resistant to hostile
enchantments, unstealthy
A: breathe steam, unfitting armour, cold-blooded, AC +7
a: Breathe Steam, Berserk, Trog's Hand, Brothers in Arms, Burn Spellbooks,
Renounce Religion


You were on level 9 of the Dungeon.
You worshipped Trog.
Trog was extremely pleased with you.
You were near starving.

You visited 2 branches of the dungeon, and saw 10 of its levels.
You also visited: Sewer.

You collected 655 gold pieces.

Inventory:

Hand Weapons
 y - a +0 war axe (weapon)
Armour
 g - a +0 buckler of protection (worn)
 l - a +0 pair of gloves (worn)
Jewellery
 d - an amulet of resist mutation (around neck)
 o - a +6 ring of intelligence (right hand)
 s - a ring of see invisible (left hand)
Wands
 m - a wand of confusion (12)
Scrolls
 a - a scroll of magic mapping
 e - 3 scrolls of teleportation
 h - 4 scrolls of remove curse
 j - a scroll of recharging
 r - 2 scrolls of blinking
Potions
 c - a potion of might
 i - 4 potions of brilliance
 n - 7 potions of flight
 t - a potion of degeneration {unknown}
 z - 2 potions of agility {unknown}
 A - 3 potions of curing
Comestibles
 b - 12 bread rations
 f - a meat ration
 q - 3 beef jerkies
 v - 2 slices of pizza


   Skills:
 * Level 8.5 Fighting
 * Level 8.2 Axes
 * Level 7.4 Dodging
 + Level 5.4 Stealth
 * Level 7.9 Shields


You had 9 spell levels left.
You didn't know any spells.

Dungeon Overview and Level Annotations

Branches:
Dungeon (9/15)             Temple (1/1) D:7
   Lair: D:8-11         Orc: D:9-12

Altars:
Ashenzari
Trog

Shops:
D:4 %

Annotations:
D:9 Gastronok


Innate Abilities, Weirdness & Mutations

You can breathe blasts of scalding, opaque steam.
Your pale cyan-grey scales are hard (AC +7).
Your body does not fit into most forms of armour.
You are cold-blooded and may be slowed by cold attacks.


Message History

You slash Gastronok!
Gastronok is heavily wounded.
Gastronok's eyestalks quiver as he mumbles some strange words.
Gastronok seems to move somewhat quicker.
You hit Gastronok but do no damage.
You tail-slap Gastronok, but do no damage.
Gastronok is heavily wounded.
The electric eel shoots out a bolt of lightning at you!
The bolt of electricity hits you!
* * * LOW HITPOINT WARNING * * *
Gastronok looks at you and mumbles some strange words.
You resist with almost no effort.
You slash Gastronok!
Gastronok is heavily wounded.
You have got your breath back.
The electric eel shoots out a bolt of lightning at you!
The bolt of electricity hits you!
* * * LOW HITPOINT WARNING * * *
Gastronok bites you!!
You die...

#.# #.# ###.#######
#.<.......#
####....(....#
..............#
c≈...≈..)†....###
≈≈..≈≈≈..†)(.....#
≈≈.≈≈....@†....#....
≈.≈≈≈≈...w.....####..
≈≈≈≈≈≈≈.$####### .
≈≈≈≈≈≈..# .......
≈≈≈;... ≈≈.....
≈≈≈≈≈..


You could see Gastronok and an electric eel.

Vanquished Creatures
  The ghost of ricardofg the Conjurer, a novice GrWz of Vehumet (D:8)
  A troll (D:9)
  Prince Ribbit (D:5)
  Sigmund (D:3)
  Eustachio (D:5)
  A spriggan (D:7)
  2 hippogriffs
  A wolf (D:9)
  A steam dragon (D:7)
  Edmund (D:5)
  2 black bears (D:6)
  An ice beast (D:6)
  2 phantoms
  A necrophage (D:7)
  A sky beast (D:6)
  2 orc warriors (D:7)
  A water moccasin (D:7)
  3 ogres
  5 centaurs
  3 big kobolds (D:7)
  4 giant frogs
  10 killer bees
  A crimson imp (D:6)
  A giant frog zombie (D:7)
  A centaur zombie (D:7)
  9 hounds
  2 jellies
  3 orc priests
  2 giant frog skeletons
  Ijyb (D:2)
  A centaur skeleton (D:7)
  3 gnoll shamans
  5 orc wizards
  Natasha (thrice) (D:2)
  An iguana (D:7)
  A merfolk avatar (Sewer)
  8 worker ants
  A siren (Sewer)
  A killer bee zombie (D:5)
  A hound skeleton (D:5)
  A hound zombie (D:8)
  25 gnolls
  12 adders
  3 river rats
  2 shadow imps
  2 oozes
  2 adder skeletons
  4 worms
  24 orcs
  9 giant cockroaches
  11 goblins
  13 hobgoblins
  9 jackals
  14 kobolds
  4 quokkas
  7 ball pythons
  9 bats
  5 giant geckos
  2 giant gecko skeletons
  11 giant newts
  A quokka skeleton (D:5)
  37 rats
298 creatures vanquished.

Notes
Turn   | Place    | Note
--------------------------------------------------------------
     0 | D:1      | shmeve the Draconian Berserker began the quest for the Orb.
     0 | D:1      | Reached XP level 1. HP: 19/19 MP: 1/1
   184 | D:1      | Found a shattered altar of Ashenzari.
   284 | D:1      | Reached XP level 2. HP: 24/26 MP: 2/2
   688 | D:1      | Reached skill level 1 in Shields
   732 | D:1      | Reached skill level 1 in Stealth
   950 | D:2      | Reached XP level 3. HP: 11/31 MP: 3/3
  1186 | D:2      | Reached ** piety under Trog
  1376 | D:2      | Noticed Ijyb
  1402 | D:2      | Killed Ijyb
  1402 | D:2      | Reached XP level 4. HP: 36/38 MP: 4/4
  1613 | D:2      | Noticed Natasha
  1623 | D:2      | Killed Natasha
  1840 | D:2      | Noticed Natasha
  1854 | D:2      | Killed Natasha
  1960 | D:2      | Noticed Natasha
  1966 | D:2      | Killed Natasha
  1966 | D:2      | Reached XP level 5. HP: 45/45 MP: 5/5
  2580 | D:3      | Found a glowing drain.
  2583 | D:3      | Noticed Sigmund
  2601 | D:3      | Killed Sigmund
  2601 | D:3      | Reached skill level 4 in Fighting
  2601 | D:3      | Reached XP level 6. HP: 26/52 MP: 6/6
  2867 | Sewer    | Entered a sewer
  2876 | Sewer    | Reached *** piety under Trog
  3349 | Sewer    | Reached **** piety under Trog
  3379 | Sewer    | Received a gift from Trog
  3389 | Sewer    | Noticed a drowned soul
  3390 | Sewer    | Noticed a drowned soul
  3391 | Sewer    | Noticed a drowned soul
  3392 | Sewer    | Noticed a drowned soul
  3395 | Sewer    | Noticed a drowned soul
  3395 | Sewer    | Noticed a drowned soul
  3396 | Sewer    | Noticed a drowned soul
  3396 | Sewer    | Noticed a drowned soul
  3401 | Sewer    | Noticed a drowned soul
  3405 | Sewer    | Noticed a drowned soul
  3406 | Sewer    | Noticed a drowned soul
  3407 | Sewer    | Noticed a drowned soul
  3409 | Sewer    | Noticed a drowned soul
  3411 | Sewer    | Noticed a drowned soul
  3412 | Sewer    | Noticed a drowned soul
  3468 | D:3      | Your scales start taking on a pale cyan-grey colour.
  3468 | D:3      | Reached XP level 7. HP: 50/60 MP: 7/7
  3749 | D:4      | Found Jiykkile's Food Shoppe.
  4241 | D:5      | Entered Level 5 of the Dungeon
  4241 | D:5      | Noticed Edmund
  4261 | D:5      | Killed Edmund
  4261 | D:5      | Reached skill level 5 in Fighting
  4380 | D:5      | Reached skill level 5 in Axes
  4439 | D:5      | Reached XP level 8. HP: 55/69 MP: 8/8
  4547 | D:5      | Noticed Eustachio
  4550 | D:5      | Noticed Prince Ribbit
  4573 | D:5      | Killed Eustachio
  4573 | D:5      | Reached skill level 5 in Dodging
  4573 | D:5      | Reached skill level 5 in Shields
  4576 | D:5      | Killed Prince Ribbit
  4576 | D:5      | Reached skill level 6 in Fighting
  4674 | D:5      | Found a bloodstained altar of Trog.
  4915 | D:6      | Reached ***** piety under Trog
  4938 | D:6      | HP: 2/71 [gnoll/halberd (10)]
  5368 | D:6      | Reached XP level 9. HP: 78/78 MP: 9/9
  5584 | D:6      | Reached skill level 7 in Fighting
  6087 | D:7      | Found a shattered altar of Ashenzari.
  6111 | D:7      | Found a staircase to the Ecumenical Temple.
  6263 | D:7      | Received a gift from Trog
  6746 | D:7      | Reached XP level 10. HP: 85/85 MP: 10/10
  6943 | D:7      | Reached skill level 8 in Fighting
  7121 | Temple   | Entered the Ecumenical Temple
  7137 | Temple   | Identified a scroll of acquirement
  7406 | D:8      | Noticed ricardofg's ghost (novice GrWz)
  7438 | D:8      | Killed ricardofg's ghost
  7438 | D:8      | Reached skill level 5 in Stealth
  7789 | D:9      | Received a gift from Trog
  7790 | D:9      | Noticed Gastronok
  7807 | D:9      | Annihilated by Gastronok

Action                   |  1- 3 |  4- 6 |  7- 9 | 10-12 || total
-------------------------+-------+-------+-------+-------++-------
Melee: Hand axe          |    90 |   304 |   274 |       ||   668
       War axe           |       |       |    63 |    81 ||   144
Invok: Berserk           |     1 |     3 |     8 |     4 ||    16
       Trog's Hand       |     1 |     7 |     6 |     3 ||    17
 Abil: Breathe Steam     |       |       |    41 |    12 ||    53
  Use: Scroll            |       |       |       |    15 ||    15
       Potion            |       |       |       |     4 ||     4
 Stab: Sleeping          |       |     7 |     1 |       ||     8
  Eat: Chunk             |     2 |    12 |    18 |     9 ||    41
       Fruit             |       |       |     6 |       ||     6
